 Dungeon Crawl Stone Soup version 0.29-a0-350-g7790a0e70a (webtiles) character file.

Game seed: 10556316092579174318

854 spaghetti the Arsonist (level 8, -14/57 HPs)
             Began as a Gnoll Wanderer on Apr 22, 2022.
             Killed from afar by an orc wizard (24 damage)
             ... with a bolt of acid
             ... on level 4 of the Dungeon.
             The game lasted 00:07:07 (4599 turns).

spaghetti the Arsonist (Gnoll Wanderer)             Turns: 4599, Time: 00:07:08

Health: -14/57     AC:  3    Str:  9 (10) XL:     8   Next: 1%
Magic:  12/16      EV: 12    Int: 13 (16) God:
Gold:   166        SH:  0    Dex: 10 (11) Spells: 7/18 levels left

rFire   . . .      SeeInvis .   E - +1 mace (vorpal) {mace}
rCold   + . .      Faith    .   o - +0 buckler {rC+}
rNeg    . . .      Spirit   .   e - +0 robe
rPois   +          Reflect  .   q - +0 helmet
rElec   .          Harm     .   y - +2 cloak of Foolhardiness {Fly rPois Slay+2}
rCorr   .          Rampage  .   (no gloves)
Will    .....                   s - +0 pair of boots
Stlth   +.........              (no amulet)
HPRegen 0.19/turn               (no ring)
MPRegen 0.15/turn               (no ring)

@: confused, ambrosia-drunk, corroded, attractive, flying
A: fangs 1, strong nose, distributed training
a: no special abilities


You were on level 4 of the Dungeon.
You visited 1 branch of the dungeon, and saw 4 of its levels.

You collected 166 gold pieces.


Innate Abilities, Weirdness & Mutations

You have very sharp teeth.
Your uncanny sense of smell can sniff out nearby items.
Your experience applies equally to all skills.


   Skills:
 + Level 2.8 Fighting
 + Level 2.8 Short Blades
 + Level 2.8 Long Blades
 + Level 2.8 Axes
 + Level 2.8 Maces & Flails
 + Level 2.8 Polearms
 + Level 2.8 Staves
 + Level 2.8 Slings
 + Level 2.8 Bows
 + Level 2.8 Crossbows
 + Level 5.4 Throwing
 + Level 2.8 Armour
 + Level 2.8 Dodging
 + Level 3.7 Stealth
 + Level 2.8 Shields
 + Level 2.8 Unarmed Combat
 + Level 5.8 Spellcasting
 + Level 2.3 Conjurations
 + Level 2.3 Hexes
 + Level 2.3 Summonings
 + Level 2.3 Necromancy
 + Level 2.3 Translocations
 + Level 2.3 Transmutations
 + Level 9.1 Fire Magic
 + Level 2.3 Ice Magic
 + Level 2.3 Air Magic
 + Level 2.3 Earth Magic
 + Level 2.3 Poison Magic
 + Level 3.1 Invocations
 + Level 2.8 Evocations


You had 7 spell levels left.
You knew the following spells:

 Your Spells              Type           Power      Damage    Failure   Level
a - Foxfire               Conj/Fire      72%        2x1d7     2%          1
b - Inner Flame           Hex/Fire       18%        N/A       6%          3
c - Ignite Poison         Fire/Tmut/Pois 15%        N/A       11%         3
d - Sticky Flame          Conj/Fire      18%        2d4       22%         4

Your spell library contained the following spells:

 Spells                   Type           Power      Damage    Failure   Level
 Conjure Flame            Conj/Fire      18%        6-21      6%          3
 Animate Skeleton         Necr           18%        N/A       9%          1
 Corpse Rot               Necr/Air       18%        N/A       13%         2
 Disjunction              Tloc           4%         N/A       100%        8

Inventory:

Hand Weapons
 a - a +0 dagger {short}
 C - a +2 quarterstaff of chaos {staff}
   (You took it off Crazy Yiuf on level 3 of the Dungeon)
 E - a +1 vorpal mace (weapon) {mace}
   (You found it on level 3 of the Dungeon)
Missiles
 b - 11 poisoned darts (quivered) {throwing}
 h - 121 stones {throwing}
Armour
 e - a +0 robe (worn)
 l - a +1 scale mail of poison resistance
   (You found it on level 1 of the Dungeon)
 o - a +0 buckler of cold resistance (worn)
   (You found it on level 1 of the Dungeon)
 q - a +0 helmet (worn)
   (You found it on level 2 of the Dungeon)
 s - a +0 pair of boots (worn)
   (You found it on level 2 of the Dungeon)
 y - the +2 cloak of Foolhardiness (worn) {Fly rPois Slay+2}
   (You found it on level 3 of the Dungeon)

   Slay:      It affects your accuracy & damage with ranged weapons and melee
   (+2).
   rPois:     It protects you from poison.
   Fly:       It grants you flight.
Jewellery
 x - an amulet of regeneration {@e2}
   (You took it off a goblin on level 3 of the Dungeon)
Wands
 t - a wand of polymorph (10)
   (You found it on level 3 of the Dungeon)
Scrolls
 c - 2 scrolls of fog
 f - a scroll of blinking {unknown}
 g - 2 scrolls of teleportation {unknown}
 i - 5 scrolls of identify {unknown}
 j - a scroll of enchant weapon {unknown}
 k - a scroll of immolation {unknown}
 n - a scroll of acquirement {unknown}
 p - a scroll of amnesia {unknown}
 u - a scroll of holy word {unknown}
Potions
 d - 2 potions of haste {@q3}
 m - a potion of degeneration {!q@e2}
 w - a potion of curing {unknown}
 z - a potion of lignification {unknown}
 A - a potion of might {unknown}
 B - a potion of invisibility {unknown}
 D - a potion of mutation {unknown}

Dungeon Overview and Level Annotations

Branches:
Dungeon (4/15)
 Temple: D:4-7

Altars:
Makhleb

#.### ##...###
#......###
##..###...#####
#.....#.....'.##
##oo.....##.##...
#Jo#..⌠..#..#..#.
##{#......#.##.#..
#@o..#......#.....
#+#........##.#...
##......#..#..⌠
##...##.#....
#.#...#.#.
###..... ∆ ###...
..###. #...##


You could see a jelly, an orc priest and 3 orcs.


Message History

The orc shouts! x2; The orc wizard shouts! 😎 MP[+1]
Your mp is fully restored (16).
The jelly attacks as you move away! You block the jelly's attack.
The jelly attacks as you move away! You block the jelly's attack.
The orc wizard gestures at you while chanting.
You resist with some effort. The jelly attacks as you move away!
The jelly hits you but does no damage.
The jelly's inner flame fades away.
The jelly attacks as you move away! The jelly hits you. The acid corrodes you!
You are splashed with acid. 😕 HP[-8]
You take 8 damage, and now have 49/57 hp.
Unknown command.
Casting: Inner Flame (dangerous; 5% risk of failure)
Confirm with . or Enter, or press ? or * to list all spells.
Aiming: Inner Flame (dangerous; 5% risk of failure)
Press: ? - help, Dir - move target, f - orc priest, p - jelly
Aim: an orc priest, wielding a +0 club and wearing a +0 chain mail (wandering, hasn't noticed you, chance to affect: 78%)
The orc priest shouts!
The orc priest barely resists.
The jelly hits you but does no damage.
The orc priest mumbles some strange prayers to Beogh against you.
Beogh smites you! 😮 HP[-12] MP[-3]
You take 12 damage, and now have 37/57 hp.
MASSIVE DAMAGE!! (PAUSE)
You lost 3 mp, and now have 13/16 mp.
Unknown command.
Unknown command.
Casting: Inner Flame (dangerous; 5% risk of failure)
Confirm with . or Enter, or press ? or * to list all spells.
You conjure some foxfire!
You block the jelly's attack.
The foxfire hits the orc wizard. 😮 MP[-1]
You lost 1 mp, and now have 12/16 mp.
Unknown command. 😮 HP[+1]
Casting: Foxfire (safe; 1% risk of failure)
Confirm with . or Enter, or press ? or * to list all spells.
Aiming: Inner Flame (dangerous; 5% risk of failure)
Press: ? - help, Dir - move target, f - orc, p - orc priest
Aim: an orc, wielding a +0 hand axe and wearing a +0 ring mail (chance to affect: 89%)
The orc is filled with an inner flame.
The orc wizard hits you with a +0 dagger.
You block the jelly's attack. 😮 HP[-2] MP[-3]
You take 2 damage, and now have 36/57 hp.
You lost 3 mp, and now have 9/16 mp.
Casting: Inner Flame (dangerous; 5% risk of failure)
Confirm with . or Enter, or press ? or * to list all spells.
You conjure some foxfire!
You block the jelly's attack.
The orc wizard closely misses you. 😮 MP[-1]
You lost 1 mp, and now have 8/16 mp.
The orc wizard attacks as you move away!
The orc wizard misses you. The jelly attacks as you move away!
The jelly hits you.
You are splashed with acid!
* * * LOW HITPOINT WARNING * * *
The foxfire hits the jelly! 😨 HP[-9] MP[+1]
You take 9 damage, and now have 27/57 hp.
Casting: Foxfire (safe; 1% risk of failure)
Confirm with . or Enter, or press ? or * to list all spells.
You conjure some foxfire!
The orc priest miscasts a cantrip.
The orc wizard casts a spell.
The orc wizard flickers and vanishes!
Deactivating autopickup; reactivate with Ctrl-A. 😨 MP[-1]
You lost 1 mp, and now have 8/16 mp.
Casting: Foxfire (safe; 1% risk of failure)
Confirm with . or Enter, or press ? or * to list all spells.
Nothing appears to happen.
The foxfire hits something.
Something hits you.
* * * LOW HITPOINT WARNING * * *
😨 HP[-1] MP[-1]
You take 1 damage, and now have 26/57 hp.
You lost 1 mp, and now have 7/16 mp.
It was a potion of degeneration.
There was something very wrong with that liquid.
You feel weakened.
You feel dopey.
You feel clumsy.
The orc hits you with a +0 vorpal hand axe.
* * * LOW HITPOINT WARNING * * *
x2 You hear some strange, mumbled words.
Something tries to affect you, but you resist. 😨 HP[-3]
You take 3 damage, and now have 23/57 hp.
It was a potion of attraction.
You feel attractive to monsters. You block the orc's attack.
You hear some strange, mumbled words.
Something tries to affect you, but you resist.
It was a potion of ambrosia.
You are confused.
You feel invigorated. The orc misses you.
The orc priest invokes the aid of Beogh against you.
Beogh smites you!
* * * LOW HITPOINT WARNING * * *
You hear a zap.
A bolt of acid appears from out of thin air!
The bolt of acid hits you!!
You die...

Skill      XL: |  1  2  3  4  5  6  7 |
---------------+----------------------+-----
Spellcasting   | 5 |  5.8
Invocations    | 1 2 3 |  3.1
Fighting       | 1 2 |  2.8
Short Blades   | 1 2 |  2.8
Long Blades    | 1 2 |  2.8
Axes           | 1 2 |  2.8
Maces & Flails | 1 2 |  2.8
Polearms       | 1 2 |  2.8
Staves         | 1 2 |  2.8
Slings         | 1 2 |  2.8
Bows           | 1 2 |  2.8
Crossbows      | 1 2 |  2.8
Armour         | 1 2 |  2.8
Dodging        | 1 2 |  2.8
Shields        | 1 2 |  2.8
Unarmed Combat | 1 2 |  2.8
Evocations     | 1 2 |  2.8
Conjurations   | 1 2 |  2.3
Hexes          | 1 2 |  2.3
Summonings     | 1 2 |  2.3
Necromancy     | 1 2 |  2.3
Translocations | 1 2 |  2.3
Transmutations | 1 2 |  2.3
Ice Magic      | 1 2 |  2.3
Air Magic      | 1 2 |  2.3
Earth Magic    | 1 2 |  2.3
Poison Magic   | 1 2 |  2.3
Throwing       | 5 |  5.4
Stealth        | 3 |  3.7
Fire Magic     | 9 |  9.1

Action                   |  1- 3 |  4- 6 |  7- 9 || total
-------------------------+-------+-------+-------++-------
Melee: Dagger            |    15 |    54 |       ||    69
       Bite              |       |    10 |     1 ||    11
       Mace              |       |       |     4 ||     4
Throw: Dart              |       |     1 |       ||     1
 Cast: Foxfire           |    78 |    90 |    20 ||   188
       Inner Flame       |       |     1 |     5 ||     6
       Sticky Flame      |       |     1 |       ||     1
  Use: Potion            |       |       |     3 ||     3
 Stab: Sleeping          |     1 |     2 |       ||     3
Armor: Robe              |     6 |    34 |     4 ||    44
Dodge: Dodged            |    23 |    40 |     9 ||    72
Block: Buckler           |     5 |    13 |     7 ||    25

Levels and vault maps discovered:
D:1:      giann_forest_graveyard, layout_loops_ring, st_stairs_7
D:2:      layout_loops_cross, basic_altar
D:3:      layout_basic, shapermc_ecumenical_altar_pompeii,
          uniq_crazy_yiuf_cottage, uniq_grinder
D:4:      minmay_skewed_foursquare, layout_basic, serial_rivers,
          chequers_serial_rivers_micro_c, chequers_serial_rivers_micro_d,
          chequers_serial_rivers_micro_c, chequers_serial_rivers_large_b,
          chequers_serial_rivers_large_a, chequers_serial_rivers_micro_b,
          corexii_shack, nrook_mini_vaults,
          nicolae_concentric_dashed_squares_mild

Notes
Turn   | Place    | Note
-------+----------+-------------------------------------------
     0 | D:1      | spaghetti the Gnoll Wanderer began the quest for the Orb.
     0 | D:1      | spaghetti set off with the following items: a +0 dagger
                  | {short}, 11 poisoned darts {throwing}, a scroll of fog, a
                  | potion of haste {@q3}, a +0 robe; and the following spell
                  | memorised: Foxfire; and the following spells available to
                  | memorise: Inner Flame, Sticky Flame
     0 | D:1      | Reached XP level 1. HP: 13/13 MP: 6/6
     0 | D:1      | magus.rc [v1.9.6]
     9 | D:1      | You add the spells Conjure Flame and Ignite Poison to your
                  | library.
   181 | D:1      | Reached XP level 2. HP: 20/20 MP: 0/7
   417 | D:1      | Reached XP level 3. HP: 20/25 MP: 1/9
   421 | D:1      | Learned a level 3 spell: Inner Flame
   425 | D:1      | Learned a level 3 spell: Ignite Poison
   526 | D:1      | Reached skill level 5 in Spellcasting
   943 | D:1      | Reached skill level 1 in Invocations
  1506 | D:2      | Reached skill level 1 in Fighting
  1506 | D:2      | Reached skill level 1 in Short Blades
  1506 | D:2      | Reached skill level 1 in Long Blades
  1506 | D:2      | Reached skill level 1 in Axes
  1506 | D:2      | Reached skill level 1 in Maces & Flails
  1506 | D:2      | Reached skill level 1 in Polearms
  1506 | D:2      | Reached skill level 1 in Staves
  1506 | D:2      | Reached skill level 1 in Slings
  1506 | D:2      | Reached skill level 1 in Bows
  1506 | D:2      | Reached skill level 1 in Crossbows
  1506 | D:2      | Reached skill level 1 in Armour
  1506 | D:2      | Reached skill level 1 in Dodging
  1506 | D:2      | Reached skill level 1 in Shields
  1506 | D:2      | Reached skill level 1 in Unarmed Combat
  1506 | D:2      | Reached skill level 1 in Evocations
  1511 | D:2      | Reached XP level 4. HP: 28/32 MP: 0/11
  1863 | D:2      | HP: 6/32 [worm (6)]
  1868 | D:2      | You add the spells Animate Skeleton, Corpse Rot and
                  | Disjunction to your library.
  1868 | D:2      | Got Alusmang's Grimoire of the Dark Voyage
  1874 | D:2      | Learned a level 4 spell: Sticky Flame
  2256 | D:2      | Reached skill level 1 in Conjurations
  2256 | D:2      | Reached skill level 1 in Hexes
  2256 | D:2      | Reached skill level 1 in Summonings
  2256 | D:2      | Reached skill level 1 in Necromancy
  2256 | D:2      | Reached skill level 1 in Translocations
  2256 | D:2      | Reached skill level 1 in Transmutations
  2256 | D:2      | Reached skill level 1 in Ice Magic
  2256 | D:2      | Reached skill level 1 in Air Magic
  2256 | D:2      | Reached skill level 1 in Earth Magic
  2256 | D:2      | Reached skill level 1 in Poison Magic
  2470 | D:2      | Found a burning altar of Makhleb.
  2955 | D:3      | Reached XP level 5. HP: 37/37 MP: 7/12
  3040 | D:3      | Noticed Grinder
  3054 | D:3      | Killed Grinder
  3055 | D:3      | Reached skill level 2 in Fighting
  3055 | D:3      | Reached skill level 2 in Short Blades
  3055 | D:3      | Reached skill level 2 in Long Blades
  3055 | D:3      | Reached skill level 2 in Axes
  3055 | D:3      | Reached skill level 2 in Maces & Flails
  3055 | D:3      | Reached skill level 2 in Polearms
  3055 | D:3      | Reached skill level 2 in Staves
  3055 | D:3      | Reached skill level 2 in Slings
  3055 | D:3      | Reached skill level 2 in Bows
  3055 | D:3      | Reached skill level 2 in Crossbows
  3055 | D:3      | Reached skill level 5 in Throwing
  3055 | D:3      | Reached skill level 2 in Armour
  3055 | D:3      | Reached skill level 2 in Dodging
  3055 | D:3      | Reached skill level 3 in Stealth
  3055 | D:3      | Reached skill level 2 in Shields
  3055 | D:3      | Reached skill level 2 in Unarmed Combat
  3055 | D:3      | Reached skill level 2 in Invocations
  3055 | D:3      | Reached skill level 2 in Evocations
  3055 | D:3      | Reached XP level 6. HP: 42/44 MP: 0/14
  3606 | D:3      | Found a faded altar of an unknown god.
  3765 | D:3      | Found a runed translucent door.
  3766 | D:3      | Noticed Crazy Yiuf
  3786 | D:3      | Identified the +2 cloak of Foolhardiness {Fly rPois Slay+2}
  3974 | D:3      | Killed Crazy Yiuf
  4208 | D:4      | Noticed a yak
  4208 | D:4      | Noticed a yak
  4208 | D:4      | Noticed a yak
  4213 | D:4      | Killed a yak
  4214 | D:4      | Reached skill level 9 in Fire Magic
  4214 | D:4      | Reached XP level 7. HP: 51/51 MP: 8/15
  4214 | D:4      | Killed a yak
  4215 | D:4      | Reached skill level 2 in Conjurations
  4215 | D:4      | Reached skill level 2 in Hexes
  4215 | D:4      | Reached skill level 2 in Summonings
  4215 | D:4      | Reached skill level 2 in Necromancy
  4215 | D:4      | Reached skill level 2 in Translocations
  4215 | D:4      | Reached skill level 2 in Transmutations
  4215 | D:4      | Reached skill level 2 in Ice Magic
  4215 | D:4      | Reached skill level 2 in Air Magic
  4215 | D:4      | Reached skill level 2 in Earth Magic
  4215 | D:4      | Reached skill level 2 in Poison Magic
  4217 | D:4      | Killed a yak
  4218 | D:4      | Reached skill level 3 in Invocations
  4493 | D:4      | Reached XP level 8. HP: 57/57 MP: 8/16
  4599 | D:4      | HP: 10/57 [orc priest/divine providence (16)]
  4599 | D:4      | Killed from afar by an orc wizard

Vanquished Creatures
  Grinder (D:3)
  3 yaks (D:4)
  Crazy Yiuf (D:3)
  2 orc wizards (D:4)
  A gnoll (D:1)
  2 adders (D:2)
  2 worms (D:2)
  4 dart slugs (D:2)
  3 orcs (D:4)
  8 ball pythons
  8 endoplasms
  A giant cockroach (D:2)
  7 goblins
  7 hobgoblins
  16 jackals
  4 quokkas
  5 bats
  4 frilled lizards
  4 kobolds (D:1)
  6 rats
89 creatures vanquished.

Vanquished Creatures (others)
  300 foxfires
300 creatures vanquished.

Grand Total: 389 creatures vanquished

Table legend:
 A = Non-vault XP
 B = Vault XP
 C = Vault XP percentage of total XP
 D = Non-vault monster count
 E = Vault monster count
 F = Vault count percentage of total count
                 A         B        C        D         E       F
            +---------+---------+-------+---------+---------+-------
      Total |     861 |     359 |  29.4 |      84 |       5 |   5.6
            +---------+---------+-------+---------+---------+-------
        D:1 |      65 |       1 |   1.5 |      31 |       1 |   3.1
        D:2 |      95 |       0 |   0.0 |      34 |       0 |   0.0
        D:3 |      16 |     354 |  95.7 |       9 |       2 |  18.2
        D:4 |     685 |       4 |   0.6 |      10 |       2 |  16.7
            +---------+---------+-------+---------+---------+-------

Illustrated notes

Table legend:
 A = Kills in this place as a percentage of kills in entire the game.
 B = Kills by you in this place as a percentage of kills by you in the entire game.
 C = Kills by friends in this place as a percentage of kills by friends in the entire game.
 D = Other kills in this place as a percentage of other kills in the entire game.
 E = Experience gained in this place as a percentage of experience gained in the entire game.
 F = Experience gained in this place divided by the number of levels of this place that you have seen.
                   A       B       C       D       E      F
               +-------+-------+-------+-------+-------+----------------------
         Total | 100.0 | 100.0 |   N/A |   N/A | 100.0 | 305.0
       Dungeon | 100.0 | 100.0 |   N/A |   N/A | 100.0 | 305.0
               +-------+-------+-------+-------+-------+----------------------

Table legend: (Time is in decaauts)
 A = Elapsed time spent in this place.
 B = Non-inter-level travel time spent in this place.
 C = Inter-level travel time spent in this place.
 D = Time resting spent in this place.
 E = Time spent auto-exploring this place.
 F = Levels seen in this place.
 G = Mean time per level.
                   A        B        C        D        E       F      G
               +--------+--------+--------+--------+--------+-----+--------+
         Total |   4597 |   4481 |    116 |    197 |   3669 |   4 | 1149.2 |
       Dungeon |   4597 |   4481 |    116 |    197 |   3669 |   4 | 1149.2 |
               +--------+--------+--------+--------+--------+-----+--------+

Top non-repeatable levels by time:
     D:2: 1527 daAuts
     D:1: 1393 daAuts
     D:3: 1285 daAuts
     D:4: 391 daAuts
